AoeStats
← Turmoil Yeti

Black Forest

508797384Analyzed
4v4 RM · 7d ago on Sep 24, 2026· 56m 48s· 8 players
Game mode
Random Map
Map size
Large (8 player)
Population
200
Speed
Normal
Resources
Standard
Victory
Conquest
Starting age
Dark Age
Ending age
Imperial Age
RankedLock teamsTeams togetherTeam positionsShared explorationLock speedFull tech treeHidden civsTurbo modeCheats
Victory
Defeat
🇲🇽 Romans · Mexico
945
+8
🇲🇽 Burgundians · Mexico
936
+9
🇨🇴 Byzantines · Colombia
933
+9
🇺🇸 Bulgarians · United States
587
+21
🇵🇪 Sicilians · Peru
845
-15
🇦🇺 Varangians · Australia
797
-13
🇵🇪 Vikings · Peru
763
-12
🇲🇽 Khmer · Mexico
626
-7
vBubbaChang
16:29 Feudal Age
16:39 Man-at-Arms
17:59 Wheelbarrow
17:12 Loom
17:53 Arson
19:28 Double-Bit Axe
28:45 Castle Age
28:28 Gold Mining
28:30 Stone Mining
32:41 Bow Saw
32:32 Crossbowman
33:32 Forging
33:30 Scale Barding Armor
34:51 Bloodlines
34:42 Husbandry
36:19 Hand Cart
37:51 Stone Shaft Mining
39:22 Horse Collar
43:03 Imperial Age
42:37 Vendel Legacy
43:05 Cavalier
44:27 Iron Casting
44:45 Conscription
DavidxGabriel
0:34 Loom
17:39 Feudal Age
20:15 Town Watch
23:59 Castle Age
23:07 Double-Bit Axe
23:17 Stone Mining
23:20 Gold Mining
24:22 Fletching
26:15 Gold Shaft Mining
25:53 Bow Saw
28:14 Town Patrol
28:14 Bodkin Arrow
28:42 Ballistics
28:18 Murder Holes
37:13 Imperial Age
34:46 Treadmill Crane
36:13 Fortified Wall
37:24 Onager
39:07 Chemistry
41:23 Siege Engineers
42:18 Horse Collar
43:44 Heavy Scorpion
46:57 Chieftains
47:06 Elite Berserk
47:49 Bracer
47:59 Forging
47:40 Capped Ram
50:10 Heavy Plow
52:31 Iron Casting
51:57 Scale Mail Armor
52:49 Padded Archer Armor
52:35 Arrowslits
52:37 Siege Ram
Marco 1985 MÉXICO City
1:18 Loom
17:55 Feudal Age
18:40 Horse Collar
30:41 Castle Age
Gambitho
0:30 Loom
12:21 Feudal Age
13:48 Arson
15:23 Scale Mail Armor
17:18 Town Watch
22:46 Horse Collar
25:02 Forging
27:27 Fletching
39:53 Castle Age
38:52 Gold Mining
38:51 Double-Bit Axe
41:18 Iron Casting
40:32 Gambesons
42:13 Chain Mail Armor
42:42 Squires
51:24 Pikeman
52:01 Bodkin Arrow
52:32 Ballistics
52:26 Masonry
52:58 Wheelbarrow
adanvictorl
0:48 Loom
14:54 Feudal Age
16:22 Man-at-Arms
17:01 Double-Bit Axe
16:57 Horse Collar
26:09 Castle Age
24:03 Gold Mining
24:07 Stone Mining
26:20 Scale Mail Armor
26:26 Long Swordsman
29:57 Fletching
34:01 Wheelbarrow
37:35 Imperial Age
35:40 Forging
35:48 Chain Mail Armor
38:18 Heavy Plow
38:50 Bow Saw
39:57 Chemistry
39:13 Forging
39:58 Crop Rotation
40:34 Fortified Wall
40:30 Legionary
41:51 Iron Casting
41:47 Heavy Scorpion
42:39 Onager
44:50 Comitatenses
54:49 Elite Centurion
57:06 Blast Furnace
guerrerotezonca
0:28 Loom
12:27 Feudal Age
12:38 Man-at-Arms
17:34 Wheelbarrow
17:08 Horse Collar
23:14 Scale Mail Armor
23:25 Forging
27:28 Gold Mining
27:29 Double-Bit Axe
27:52 Stone Mining
30:35 Bow Saw
31:35 Gold Shaft Mining
32:10 Stone Shaft Mining
33:27 Heavy Plow
37:45 Castle Age
36:08 Hand Cart
43:51 Imperial Age
41:25 Long Swordsman
43:15 Iron Casting
42:46 Scale Barding Armor
43:39 Chain Mail Armor
44:41 Chain Barding Armor
45:25 Two-Man Saw
45:28 Crop Rotation
47:10 Conscription
48:09 Plate Barding Armor
48:35 Blast Furnace
50:22 Plate Mail Armor
52:19 Fletching
52:29 Padded Archer Armor
53:53 Leather Archer Armor
53:33 Bodkin Arrow
53:57 Onager
54:43 Elite Coustillier
55:29 Burgundian Vineyards
Turmoil Yeti
5:31 Loom
13:50 Feudal Age
15:19 Double-Bit Axe
16:30 Horse Collar
16:54 Arson
20:21 Forging
22:36 Scale Mail Armor
23:20 Wheelbarrow
28:32 Castle Age
27:10 Scale Barding Armor
28:21 Gold Mining
28:22 Stone Mining
28:52 Bloodlines
31:05 Stone Shaft Mining
31:30 Bow Saw
32:19 Heavy Plow
32:15 Light Cavalry
32:56 Husbandry
35:41 Stirrups
36:16 Chain Barding Armor
36:32 Iron Casting
37:15 Caravan
37:42 Hand Cart
40:08 Chain Mail Armor
44:43 Fletching
47:35 Imperial Age
44:53 Town Watch
47:42 Hussar
49:20 Crop Rotation
49:36 Gold Shaft Mining
48:34 Capped Ram
49:48 Elite Konnik
51:10 Ballistics
51:01 Masonry
50:59 Siege Engineers
50:50 Murder Holes
51:07 Siege Ram
54:50 Architecture
55:25 Chemistry
mr.aaandrex
0:35 Loom
19:35 Feudal Age
30:28 Fletching
50:17 Double-Bit Axe
50:54 Forging
54:51 Castle Age
52:36 Horse Collar
Connection lost

Rejoining the realm…

Still unreachable

The connection could not be restored.

Session expired

The server has moved on; the page needs a fresh start.